 Dungeon Crawl Stone Soup version 0.31-a0-1529-g7bd419a0e5 (webtiles) character file.

Game seed: 2250194878138202142

263 wildpjah the Ducker (level 5, -7/39 HPs)
             Began as a Demonspawn Gladiator on Dec 31, 2023.
             Was an Initiate of Okawaru.
             Mangled by a kobold
             ... wielding a +1 short sword of electrocution
              (17 damage)
             ... on level 3 of the Dungeon.
             The game lasted 00:03:47 (2540 turns).

wildpjah the Ducker (Demonspawn Gladiator)          Turns: 2540, Time: 00:03:48

Health: -7/39      AC: 10    Str: 15 (17) XL:     5   Next: 97%
Magic:  5/5        EV: 12    Int:  7 (8)  God:    Okawaru [......]
Gold:   230        SH:  0    Dex: 11 (14) Spells: 4/4 levels left

rFire   . . .        l - +1 whip (elec)
rCold   . . .        (no shield)
rNeg    . . .        b - +0 leather armour
rPois   .            c - +0 helmet
rElec   .            (no cloak)
rCorr   .            (no gloves)
SInv    .            (no boots)
Will    .....        (no amulet)
Stlth   +            w - +4 ring of protection
HPRegen 0.26/turn    (no ring)
MPRegen 0.09/turn

%: no passive effects
@: no status effects
A: icy blue scales 1, ignite blood 1
a: Renounce Religion


You were on level 3 of the Dungeon.
You worshipped Okawaru.
Okawaru was noncommittal.
You visited 1 branch of the dungeon, and saw 3 of its levels.
You also visited: Sewer.

You collected 230 gold pieces.

Inventory:

Hand Weapons
 a - a +0 long sword
 l - a +1 whip of electrocution (weapon)
Missiles
 d - 3 throwing nets
 e - a javelin
 q - 2 curare-tipped darts (quivered)
Armour
 b - a +0 leather armour (worn)
 c - a +0 helmet (worn)
Jewellery
 w - a +4 ring of protection (left hand)
Scrolls
 f - 6 scrolls of identify {unknown}
 i - 2 scrolls of vulnerability {unknown}
 n - 2 scrolls of teleportation {unknown}
 o - a scroll of fog {unknown}
 p - a scroll of acquirement {unknown}
 r - a scroll of summoning {unknown}
 u - a scroll of noise {unknown}
Potions
 g - 2 potions of degeneration
 h - 3 potions of curing {unknown}
 j - 3 potions of cancellation {unknown}
 k - 2 potions of attraction {unknown}
 m - a potion of enlightenment {unknown}
 s - a potion of mutation {unknown}
 t - a potion of haste {unknown}
 v - a potion of invisibility {unknown}
 x - a potion of magic {unknown}


   Skills:
 + Level 2.6 Fighting
 - Level 3.2 Long Blades
 * Level 3.3 Maces & Flails
 + Level 1.8 Throwing
 + Level 2.0 Armour
 + Level 3.3 Dodging
 + Level 0.8 Stealth


You had 4 spell levels left.
You didn't know any spells.
Your spell library contained the following spells:

 Spells                   Type           Power      Damage    Failure   Level
 Shock                    Conj/Air       0%         1d3       50%         1
 Dazzling Flash           Conj/Hex       0%         N/A       86%         3
 Swiftness                Air            0%         N/A       86%         3
 Volatile Blastmotes      Fire/Tloc      0%         2d10      86%         3
 Airstrike                Air            0%         2d(0-16)  99%         4
 Cause Fear               Hex            0%         N/A       99%         4
 Fireball                 Conj/Fire      0%         3d3       100%        5
 Starburst                Conj/Fire      0%         6d3       100%        6
 Maxwell's Capacitive Co  Air            0%         ∞         100%        8
 Dragon's Call            Summ           Unusable   N/A       N/A         9

Dungeon Overview and Level Annotations

Branches:
Dungeon (3/15)              Sewer (visited)

Altars:
Makhleb
Okawaru
Trog
Xom


Innate Abilities, Weirdness & Mutations

You are partially covered in icy blue scales. (AC +2)
Your demonic aura sometimes causes spilled blood to erupt in flames.


Message History

The quokka closely misses you.
You hit the orc priest.
The orc priest is severely wounded.
The quokka bites you. The kobold hits you with a +0 dagger.
The orc priest hits you but does no damage.
The kobold hits you with a +1 short sword of electrocution.
You barely miss the orc priest.
The orc priest is severely wounded.
The quokka closely misses you. The kobold hits you but does no damage.
The orc priest hits you but does no damage.
The kobold closely misses you.
You barely miss the orc priest.
The orc priest is severely wounded.
The quokka barely misses you. The kobold hits you but does no damage.
The orc priest closely misses you. The kobold closely misses you.
A ribbon worm comes into view.
You barely miss the orc priest.
The orc priest is severely wounded.
The quokka misses you. The kobold closely misses you.
The orc priest hits you with a +0 trident.
The kobold barely misses you.
It was a potion of degeneration.
There was something very wrong with that liquid.
You feel weakened.
You feel dopey.
You feel clumsy.
The quokka bites you but does no damage.
The ribbon worm falls through a shaft!
The shaft crumbles and collapses.
The orc priest hits you with a +0 trident.
* * * LOW HITPOINT WARNING * * *
The kobold hits you but does no damage. The kobold closely misses you.
The quokka closely misses you.
You barely miss the orc priest.
The orc priest is severely wounded.
The kobold hits you but does no damage.
The orc priest looks braver for a moment.
The kobold hits you but does no damage.
The quokka bites you but does no damage.
You hit the orc priest.
The orc priest is almost dead.
The kobold hits you but does no damage.
You are electrocuted!
You die...

#############.......
#####....#..## #
##......#..#... #.##
#....._....#### ....#
####..._......# #
.....##.............####
.....^#....._..⌠.÷_.....
.°.^$.K#.##.........####
...^.wo@r###....._.#####
^....o##K# #..._...# #..
.>... #.# ###...### #..
.... #.# ##### #.. ...
#.# #.. .. ..# ### # .##


You could see a ribbon worm, an orc priest, an orc, a quokka and 2 kobolds.

Vanquished Creatures
  A crocodile (Sewer)
  A centaur (D:3)
  An iguana (D:2)
  2 adders (D:2)
  2 ribbon worms
  3 bats
  7 endoplasms
  5 giant cockroaches
  A goblin (D:3)
  5 hobgoblins
  4 jackals (Sewer)
  2 quokkas
  6 ball pythons
  2 frilled lizards
  8 kobolds
  8 rats
58 creatures vanquished.

Notes
Turn   | Place    | Note
-------+----------+-------------------------------------------
     0 | D:1      | wildpjah the Demonspawn Gladiator began the quest for the
                  | Orb.
     0 | D:1      | Reached XP level 1. HP: 16/16 MP: 1/1
   270 | D:1      | Gained mutation: Your demonic aura sometimes causes spilled
                  | blood to erupt in flames. [demonic ancestry]
   270 | D:1      | Reached XP level 2. HP: 22/22 MP: 2/2
  1030 | D:2      | Reached XP level 3. HP: 16/27 MP: 3/3
  1350 | D:2      | Reached skill level 1 in Armour
  1480 | D:2      | Reached skill level 1 in Maces & Flails
  1619 | D:2      | Gained mutation: You are partially covered in icy blue
                  | scales. (AC +2) [demonic ancestry]
  1619 | D:2      | Reached XP level 4. HP: 34/34 MP: 4/4
  1630 | D:2      | Found a faded altar of an unknown god.
  1929 | D:3      | Found a glowing drain.
  1952 | D:3      | Noticed a centaur
  1956 | Sewer    | Entered a sewer
  2138 | Sewer    | Noticed a crocodile
  2146 | Sewer    | Killed a crocodile
  2147 | Sewer    | Reached XP level 5. HP: 37/39 MP: 5/5
  2235 | D:3      | Killed a centaur
  2273 | D:3      | Found a bloodstained altar of Trog.
  2274 | D:3      | Found a burning altar of Makhleb.
  2274 | D:3      | Found an iron altar of Okawaru.
  2278 | D:3      | Found a shimmering altar of Xom.
  2283 | D:3      | Became a worshipper of Warmaster Okawaru
  2540 | D:3      | Mangled by a kobold

Illustrated notes

Levels and vault maps discovered:
D:1:      giann_wishing_wells, layout_basic, grunt_decor_cap
D:2:      layout_basic, hellmonk_ecumenical_altar_lost_god
D:3:      layout_rooms, nzn_hepliaklqana_mist_gate, grunt_temple_overflow_open,
          cheibrodos_sewer_entry_drain, nicolae_wormholes

Skill      XL: |  1  2  3  4  5 |
---------------+----------------+-----
Long Blades    | 3 |  3.2
Dodging        | 3 |  3.3
Armour         | 1 2 |  2.0
Maces & Flails | 1 2 3 |  3.3
Fighting       | |  2.6
Throwing       | |  1.8
Stealth        | |  0.8

Action                     |  1- 3 |  4- 6 || total
---------------------------+-------+-------++-------
  Melee: Long sword        |    42 |       ||    42
         Whip              |    57 |    75 ||   132
  Throw: Dart              |       |     2 ||     2
    Use: Potion            |       |     1 ||     1
   Stab: Sleeping          |     1 |     1 ||     2
 Armour: Leather armour    |    53 |    66 ||   119
  Dodge: Dodged            |    66 |    76 ||   142

Table legend: (Time is in decaauts)
 A = Elapsed time spent in this place.
 B = Non-inter-level travel time spent in this place.
 C = Inter-level travel time spent in this place.
 D = Time resting spent in this place.
 E = Time spent auto-exploring this place.
 F = Levels seen in this place.
 G = Mean time per level.
                   A        B        C        D        E       F      G
               +--------+--------+--------+--------+--------+-----+--------+
         Total |   2564 |   2548 |     16 |    115 |   1960 |   4 |  641.0 |
       Dungeon |   2285 |   2269 |     16 |      0 |   1855 |   3 |  761.7 |
         Sewer |    279 |    279 |      0 |    115 |    105 |   1 |  279.0 |
               +--------+--------+--------+--------+--------+-----+--------+

Top non-repeatable levels by time:
     D:1: 1030 daAuts
     D:2: 878 daAuts
     D:3: 375 daAuts
   Sewer: 279 daAuts
